BSA
NIAGARA FALLS FRENZY @ NEW ORLEANS LOOTERS
05/01/2026
 
TOP OF THE 1ST
Niagara Falls Frenzy batting - Pitching for New Orleans Looters : RHP Chris Martin
Pitching: RHP Chris Martin
Batting: SHB Martín De Jesús 0-0: Fly out, F8 (Flyball, 78D)
Batting: LHB Clyde Yarbrough 0-0: Foul Ball, location: 2F
0-1: Ball
1-1: Ball
2-1: Ball
3-1: Base on Balls
Batting: LHB Dante Owens 0-0: Called Strike
0-1: Ball
1-1: Ball
2-1: SINGLE (Groundball, 56D) (infield hit)
Clyde Yarbrough to second
Batting: RHB Lawrence Schroeder 0-0: Called Strike
0-1: Foul Ball, location: 2F
0-2: Ball
1-2: Foul Ball, location: 2F
1-2: Ground out 2-3 (Groundball, 25)
Clyde Yarbrough to third
Dante Owens to second
Batting: LHB Bill Hall 0-0: Swinging Strike
0-1: Ground out 4-3 (Groundball, 4)
Top of the 1st over - 0 run(s), 1 hit(s), 0 error(s), 2 left on base; Niagara Falls 0 - New Orleans 0
BOTTOM OF THE 1ST
New Orleans Looters batting - Pitching for Niagara Falls Frenzy : RHP Étienne Garcia
Pitching: RHP Étienne Garcia
Batting: RHB Rich Ruffin 0-0: Ball
1-0: Foul Ball, location: 2F
1-1: Ball
2-1: Swinging Strike
2-2: Strikes out swinging
Batting: LHB Justino Salas 0-0: Called Strike
0-1: Called Strike
0-2: Fly out, F9 (Flyball, 89M)
Batting: SHB Zach Franks 0-0: Ground out 6-3 (Groundball, 6)
Bottom of the 1st over - 0 run(s), 0 hit(s), 0 error(s), 0 left on base; Niagara Falls 0 - New Orleans 0
TOP OF THE 2ND
Niagara Falls Frenzy batting - Pitching for New Orleans Looters : RHP Chris Martin
Batting: RHB Ángel Hinojosa 0-0: SOLO HOME RUN (Line Drive, 7LD), Distance : 359 ft
Batting: RHB Zander Tremblett 0-0: Ball
1-0: Ball
2-0: Ball
3-0: SINGLE (Groundball, 34D)
Batting: SHB Jong-min Kim 0-0: Foul Ball, location: 2F
0-1: Fielders Choice at 2nd, 1-6 (Groundball, 23)
Batting: RHB Santiago Zambrano 0-0: Ground out 5-3 (Groundball, 56S)
Jong-min Kim to second
Batting: SHB Martín De Jesús 0-0: Ball
1-0: Ball
2-0: Ground out U3 (Groundball, 3L)
Top of the 2nd over - 1 run(s), 2 hit(s), 0 error(s), 1 left on base; Niagara Falls 1 - New Orleans 0
BOTTOM OF THE 2ND
New Orleans Looters batting - Pitching for Niagara Falls Frenzy : RHP Étienne Garcia
Batting: LHB Taylor Smith 0-0: Foul Ball, location: 2F
0-1: Ball
1-1: Foul Ball, location: 2F
1-2: Foul Ball, location: 2F
1-2: Fly out, F7 (Flyball, 78D)
Batting: RHB Francisco Ibarra 0-0: Ground out 4-3 (Groundball, 4)
Batting: SHB Nate Rhodes 0-0: Ball
1-0: Called Strike
1-1: Foul Ball, location: 2F
1-2: Ground out 4-3 (Groundball, 34)
Bottom of the 2nd over - 0 run(s), 0 hit(s), 0 error(s), 0 left on base; Niagara Falls 1 - New Orleans 0
TOP OF THE 3RD
Niagara Falls Frenzy batting - Pitching for New Orleans Looters : RHP Chris Martin
Batting: LHB Clyde Yarbrough 0-0: Ball
1-0: Ball
2-0: Ball
3-0: Base on Balls
Batting: LHB Dante Owens 0-0: Called Strike
0-1: SINGLE (Line Drive, 6M)
Clyde Yarbrough to second
Batting: RHB Lawrence Schroeder 0-0: Ball
1-0: Ball
2-0: Called Strike
2-1: Fielders Choice at 2nd, 2-6 (Groundball, 2R)
Clyde Yarbrough to third
Batting: LHB Bill Hall 0-0: Ball
1-0: Ball
2-0: Ball
3-0: Called Strike
3-1: Base on Balls
Lawrence Schroeder to second
Batting: RHB Ángel Hinojosa 0-0: Ball
1-0: Ball
2-0: Ball
3-0: Called Strike
3-1: Base on Balls
Clyde Yarbrough scores
Lawrence Schroeder to third
Bill Hall to second
Batting: RHB Zander Tremblett 0-0: Ball
1-0: Called Strike
1-1: Ball
2-1: Ball
3-1: Fly out, F9 (Flyball, 9LD)
Runner from 3rd tags up, SCORES, no throw
Batting: SHB Jong-min Kim 0-0: Called Strike
0-1: Called Strike
0-2: Strikes out swinging
Top of the 3rd over - 2 run(s), 1 hit(s), 0 error(s), 2 left on base; Niagara Falls 3 - New Orleans 0
BOTTOM OF THE 3RD
New Orleans Looters batting - Pitching for Niagara Falls Frenzy : RHP Étienne Garcia
Batting: LHB Luis Sánchez 0-0: Foul Ball, location: 2F
0-1: Called Strike
0-2: Ball
1-2: Fly out, F9 (Line Drive, 9M)
Batting: RHB Dave O'Loan 0-0: Ball
1-0: SINGLE (Groundball, 6MD)
Batting: RHB Ángel Castaneda 0-0: Ball
1-0: Ball
Balk!
Dave O'Loan to second
2-0: Ball
3-0: Fly out, F8 (Flyball, 78XD)
Runner from 2nd tags up, SAFE at 3rd, no throw
Batting: RHB Rich Ruffin 0-0: Called Strike
0-1: Ball
1-1: Called Strike
1-2: Ball
2-2: Strikes out swinging
Bottom of the 3rd over - 0 run(s), 1 hit(s), 0 error(s), 1 left on base; Niagara Falls 3 - New Orleans 0
TOP OF THE 4TH
Niagara Falls Frenzy batting - Pitching for New Orleans Looters : RHP Chris Martin
Batting: RHB Santiago Zambrano 0-0: Called Strike
0-1: SINGLE (Line Drive, 6MD)
Batting: SHB Martín De Jesús 0-0: Called Strike
0-1: Ball
1-1: Ball
2-1: Foul Ball, location: 2F
2-2: Fielders Choice at 2nd, 5-4 (Groundball, 5L)
Batting: LHB Clyde Yarbrough 0-0: Ball
1-0: Ball
2-0: Ball
3-0: Called Strike
3-1: Fly out, F8 (Flyball, 8RD)
Batting: LHB Dante Owens 0-0: Ball
1-0: Ball
2-0: Foul Ball, location: 2F
2-1: Foul Ball, location: 2F
2-2: Ball
3-2: DOUBLE (Line Drive, 78S)
Martín De Jesús to third
Martín De Jesús scores
Batting: RHB Lawrence Schroeder 0-0: Called Strike
0-1: Fly out, F9 (Line Drive, 89M)
Top of the 4th over - 1 run(s), 2 hit(s), 0 error(s), 1 left on base; Niagara Falls 4 - New Orleans 0
BOTTOM OF THE 4TH
New Orleans Looters batting - Pitching for Niagara Falls Frenzy : RHP Étienne Garcia
Batting: LHB Justino Salas 0-0: Called Strike
0-1: Ball
1-1: Ball
2-1: Ball
3-1: Base on Balls
Batting: SHB Zach Franks 0-0: Foul Ball, location: 2F
0-1: Foul Ball, location: 2F
0-2: SINGLE (Line Drive, 9S)
Justino Salas to second
Runner from 2nd tries for 3rd, SAFE, throw made to third
Batting: LHB Taylor Smith 0-0: Called Strike
0-1: Foul Ball, location: 2F
0-2: Ball
1-2: Foul Ball, location: 2F
1-2: Ball
2-2: Ball
3-2: Grounds into double play, 1-6-3 (Groundball, 15)
Batting: RHB Francisco Ibarra 0-0: Ball
1-0: Ball
2-0: Called Strike
2-1: Called Strike
2-2: Ball
3-2: Foul Ball, location: 2F
3-2: Base on Balls
Batting: SHB Nate Rhodes 0-0: Ball
1-0: Ball
2-0: Foul Ball, location: 2F
2-1: Foul Ball, location: 2F
2-2: Foul Ball, location: 2F
2-2: Foul Ball, location: 2F
2-2: SINGLE (Groundball, 4M)
Justino Salas scores
Francisco Ibarra to second
Batting: LHB Luis Sánchez 0-0: Foul Ball, location: 2F
0-1: Swinging Strike
0-2: Ball
1-2: Strikes out looking
Bottom of the 4th over - 1 run(s), 2 hit(s), 0 error(s), 2 left on base; Niagara Falls 4 - New Orleans 1
TOP OF THE 5TH
Niagara Falls Frenzy batting - Pitching for New Orleans Looters : RHP Chris Martin
Batting: LHB Bill Hall 0-0: Ball
1-0: Ball
2-0: Ball
3-0: Foul Ball, location: 2F
3-1: Called Strike
3-2: SINGLE (Groundball, 4M)
Batting: RHB Ángel Hinojosa 0-0: Called Strike
0-1: Fielders Choice at 2nd, 6-4 (Groundball, 6)
Batting: RHB Zander Tremblett 0-0: Foul Ball, location: 2F
0-1: Ball
1-1: Called Strike
1-2: Foul Ball, location: 2F
1-2: Strikes out swinging
Batting: SHB Jong-min Kim 0-0: Ball
1-0: Called Strike
1-1: Ball
2-1: Fly out, F8 (Flyball, 78XD)
Top of the 5th over - 0 run(s), 1 hit(s), 0 error(s), 1 left on base; Niagara Falls 4 - New Orleans 1
BOTTOM OF THE 5TH
New Orleans Looters batting - Pitching for Niagara Falls Frenzy : RHP Étienne Garcia
Batting: RHB Dave O'Loan 0-0: Fly out, F8 (Flyball, 89M)
Batting: RHB Ángel Castaneda 0-0: Foul Ball, location: 2F
0-1: Hit by Pitch
Batting: RHB Rich Ruffin 0-0: Ball
1-0: Grounds into double play, U6-3 (Groundball, 6)
Bottom of the 5th over - 0 run(s), 0 hit(s), 0 error(s), 0 left on base; Niagara Falls 4 - New Orleans 1
TOP OF THE 6TH
Niagara Falls Frenzy batting - Pitching for New Orleans Looters : RHP Chris Martin
Batting: RHB Santiago Zambrano 0-0: Ball
1-0: Ball
2-0: Ball
3-0: Fly out, F7 (Flyball, 78S)
Batting: SHB Martín De Jesús 0-0: Swinging Strike
0-1: Fly out, F7 (Popup, 6D)
Batting: LHB Clyde Yarbrough 0-0: Ball
1-0: Ball
2-0: Ball
3-0: Base on Balls
Batting: LHB Dante Owens 0-0: Called Strike
0-1: Foul Ball, location: 2F
0-2: Ball
1-2: Ground out U3 (Groundball, 3L)
Top of the 6th over - 0 run(s), 0 hit(s), 0 error(s), 1 left on base; Niagara Falls 4 - New Orleans 1
BOTTOM OF THE 6TH
New Orleans Looters batting - Pitching for Niagara Falls Frenzy : RHP Étienne Garcia
Batting: LHB Justino Salas 0-0: Called Strike
0-1: DOUBLE (Line Drive, 5L)
Batting: SHB Zach Franks 0-0: Ball
1-0: Called Strike
1-1: Swinging Strike
1-2: Ball
2-2: Foul Ball, location: 2F
2-2: Ground out U3 (Groundball, 3S)
Justino Salas to third
Batting: LHB Taylor Smith 0-0: Ball
1-0: Called Strike
1-1: Swinging Strike
1-2: Fly out, F8 (Flyball, 8RM)
Runner from 3rd tags up, SCORES, throw made
Batting: RHB Francisco Ibarra 0-0: Ball
1-0: Swinging Strike
1-1: Ball
2-1: Foul Ball, location: 2F
2-2: Foul Ball, location: 2F
2-2: Fly out, F8 (Flyball, 89S)
Bottom of the 6th over - 1 run(s), 1 hit(s), 0 error(s), 0 left on base; Niagara Falls 4 - New Orleans 2
TOP OF THE 7TH
Niagara Falls Frenzy batting - Pitching for New Orleans Looters : RHP Chris Martin
Pitching: RHP Roy March
Batting: RHB Lawrence Schroeder 0-0: Ball
1-0: Called Strike
1-1: Reached on error, E4 (Groundball, 4M)
Batting: LHB Bill Hall 0-0: Ball
1-0: Ball
2-0: Called Strike
2-1: Swinging Strike
2-2: Ball
3-2: Foul Ball, location: 2F
3-2: Strikes out looking
Batting: RHB Ángel Hinojosa 0-0: Ball
1-0: DOUBLE (Line Drive, 5)
Lawrence Schroeder to third
Batting: RHB Zander Tremblett 0-0: Intentional Walk
Pinch Hitting: RHB Gerald Burnett 0-0: Swinging Strike
0-1: Foul Ball, location: 2F
0-2: Reached on error, E5 (Groundball, 56S)
Lawrence Schroeder scores
Ángel Hinojosa to third
Zander Tremblett to second
Batting: RHB Santiago Zambrano 0-0: Swinging Strike
0-1: Foul Ball, location: 2F
0-2: Fly out, F4 (Popup, 4)
Batting: SHB Martín De Jesús 0-0: SINGLE (Groundball, 56)
Ángel Hinojosa scores
Zander Tremblett to third
Gerald Burnett to second
Runner from 3rd tries for Home, SAFE, throw made at trailing runner, SAFE at third!
Batting: LHB Clyde Yarbrough 0-0: Ball
1-0: Foul Ball, location: 2F
1-1: Ball
2-1: Fly out, F6 (Line Drive, 6)
Top of the 7th over - 3 run(s), 2 hit(s), 2 error(s), 2 left on base; Niagara Falls 7 - New Orleans 2
BOTTOM OF THE 7TH
New Orleans Looters batting - Pitching for Niagara Falls Frenzy : RHP Étienne Garcia
Now at 1B: Gerald Burnett
Batting: SHB Nate Rhodes 0-0: Foul Ball, location: 2F
0-1: Ball
1-1: Ball
2-1: Called Strike
2-2: Foul Ball, location: 2F
2-2: Ball
3-2: Foul Ball, location: 2F
3-2: Foul Ball, location: 2F
3-2: Ground out 6-3 (Groundball, 6M)
Batting: LHB Luis Sánchez 0-0: Foul Ball, location: 2F
0-1: Ball
1-1: Called Strike
1-2: SINGLE (Line Drive, 34D)
Pitching: LHP António Bueno
Batting: RHB Dave O'Loan 0-0: SINGLE (Line Drive, 7S)
Luis Sánchez to second
Batting: RHB Ángel Castaneda 0-0: Ball
1-0: Called Strike
1-1: Fly out, F9 (Flyball, 9M)
Batting: RHB Rich Ruffin 0-0: Ball
1-0: Ball
2-0: Ball
3-0: Base on Balls
Luis Sánchez to third
Dave O'Loan to second
Batting: LHB Justino Salas 0-0: Foul Ball, location: 2F
0-1: Ball
1-1: Ground out 4-3 (Groundball, 4)
Bottom of the 7th over - 0 run(s), 2 hit(s), 0 error(s), 3 left on base; Niagara Falls 7 - New Orleans 2
TOP OF THE 8TH
Niagara Falls Frenzy batting - Pitching for New Orleans Looters : RHP Roy March
Batting: LHB Dante Owens 0-0: Ball
1-0: Swinging Strike
1-1: SINGLE (Groundball, 15S) (infield hit)
Batting: RHB Lawrence Schroeder 0-0: Ball
1-0: Ball
2-0: Called Strike
2-1: SINGLE (Groundball, 34)
Dante Owens to second
Runner from 2nd tries for 3rd, SAFE, no throw or cutoff
Batting: LHB Bill Hall 0-0: Ball
1-0: Ball
2-0: Called Strike
2-1: Called Strike
2-2: Strikes out swinging
Batting: RHB Ángel Hinojosa 0-0: SINGLE (Groundball, 5D)
Dante Owens scores
Lawrence Schroeder to second
Pitching: RHP Bartolo González
Batting: RHB Zander Tremblett 0-0: Foul Ball, location: 2F
0-1: Ball
1-1: Called Strike
1-2: Strikes out swinging
Batting: RHB Gerald Burnett 0-0: Called Strike
0-1: Swinging Strike
0-2: Ball
1-2: Strikes out swinging
Top of the 8th over - 1 run(s), 3 hit(s), 0 error(s), 2 left on base; Niagara Falls 8 - New Orleans 2
BOTTOM OF THE 8TH
New Orleans Looters batting - Pitching for Niagara Falls Frenzy : LHP António Bueno
Now at SS: Keitaro Suzuki
Batting: SHB Zach Franks 0-0: Ball
1-0: Swinging Strike
1-1: Foul Ball, location: 2F
1-2: SINGLE (Groundball, 56D)
Batting: LHB Taylor Smith 0-0: 2-RUN HOME RUN (Flyball, 89XD), Distance : 383 ft
Batting: RHB Francisco Ibarra 0-0: Foul Ball, location: 2F
0-1: Ball
1-1: Ball
2-1: Foul Ball, location: 2F
2-2: Ball
3-2: Base on Balls
Batting: SHB Nate Rhodes 0-0: Called Strike
0-1: Ball
1-1: Ball
2-1: Called Strike
2-2: Fly out, F9 (Flyball, 89XD)
Batting: LHB Luis Sánchez 0-0: Ball
1-0: Called Strike
1-1: Foul Ball, location: 2F
1-2: Foul Ball, location: 2F
1-2: Foul Ball, location: 2F
1-2: Ball
2-2: Foul Ball, location: 2F
2-2: 2-RUN HOME RUN (Flyball, 9D), Distance : 361 ft
Pitching: RHP Kimitada Takai
Batting: RHB Dave O'Loan 0-0: Called Strike
0-1: Ball
1-1: Foul Ball, location: 2F
1-2: Ground out 6-3 (Groundball, 6)
Batting: RHB Ángel Castaneda 0-0: Foul Ball, location: 2F
0-1: Swinging Strike
0-2: Foul Ball, location: 2F
0-2: Foul Ball, location: 2F
0-2: Hit by Pitch
Batting: RHB Rich Ruffin 0-0: Called Strike
0-1: Ball
1-1: Foul Ball, location: 2F
1-2: Strikes out swinging
Bottom of the 8th over - 4 run(s), 3 hit(s), 0 error(s), 1 left on base; Niagara Falls 8 - New Orleans 6
TOP OF THE 9TH
Niagara Falls Frenzy batting - Pitching for New Orleans Looters : RHP Bartolo González
Batting: RHB Santiago Zambrano 0-0: Ball
1-0: Called Strike
1-1: SINGLE (Groundball, 56D)
Batting: SHB Martín De Jesús 0-0: Bunted foul
0-1: Bunted foul
0-2: Ball
1-2: Ball
2-2: Foul Ball, location: 2F
2-2: Ball
3-2: Foul Ball, location: 2F
3-2: SINGLE (Flyball, 6MD)
Santiago Zambrano to second
Batting: LHB Clyde Yarbrough 0-0: Sac Bunt - play at first, batter OUT! 1-3
Santiago Zambrano to third
Martín De Jesús to second
Batting: LHB Dante Owens 0-0: Intentional Walk
Batting: RHB Lawrence Schroeder 0-0: Ball
1-0: Ball
2-0: Fly out, F6 (Popup, 6M)
Batting: LHB Bill Hall 0-0: Foul Ball, location: 2F
Single, Error in OF, E9, batter to second base
Santiago Zambrano scores
Martín De Jesús scores
Dante Owens to third
Batting: RHB Keitaro Suzuki 0-0: Called Strike
0-1: Ball
1-1: Ground out 6-3 (Groundball, 6)
Top of the 9th over - 2 run(s), 3 hit(s), 1 error(s), 2 left on base; Niagara Falls 10 - New Orleans 6
BOTTOM OF THE 9TH
New Orleans Looters batting - Pitching for Niagara Falls Frenzy : RHP Kimitada Takai
Batting: LHB Justino Salas 0-0: Called Strike
0-1: Ball
1-1: Swinging Strike
1-2: Strikes out swinging
Batting: SHB Zach Franks 0-0: Ball
1-0: Swinging Strike
1-1: Ball
2-1: Swinging Strike
2-2: Strikes out swinging
Batting: LHB Taylor Smith 0-0: Foul Ball, location: 2F
0-1: Ball
1-1: Ball
2-1: Called Strike
2-2: Ball
3-2: Base on Balls
Batting: RHB Francisco Ibarra 0-0: Foul Ball, location: 2F
0-1: Ball
1-1: Ball
2-1: Called Strike
2-2: Fielders Choice at 2nd, U4 (Groundball, 4M)
Bottom of the 9th over - 0 run(s), 0 hit(s), 0 error(s), 1 left on base; Niagara Falls 10 - New Orleans 6
Monday, December 5th, 2016 - OOTP Baseball 17.12 Build 75